PAA
YAKIMA HOPS @ SALEM MISFITS
09/13/2027
 
TOP OF THE 1ST
Yakima Hops batting - Pitching for Salem Misfits : RHP Carlos Costello
Pitching: RHP Carlos Costello
Batting: SHB Domingo Luna 0-0: Called Strike
0-1: Swinging Strike
0-2: Ball
1-2: Foul Ball, location: 2F
1-2: DOUBLE (Flyball, 78M)
Batting: LHB Bob Maher 0-0: Called Strike
0-1: Foul Ball, location: 2F
0-2: Ball
1-2: Foul Ball, location: 2F
1-2: Foul Ball, location: 2F
1-2: Foul Ball, location: 2F
1-2: Ball
2-2: Foul Ball, location: 2F
2-2: Ball
3-2: Base on Balls
Batting: LHB Armando Carmona 0-0: Ball
1-0: Called Strike
1-1: Called Strike
1-2: Ball
2-2: Foul Ball, location: 2F
2-2: Strikes out swinging
Batting: LHB Lloyd Kent 0-0: Ball
1-0: Called Strike
Domingo Luna is caught stealing 3rd base
Bob Maher to second
1-1: Ball
2-1: Swinging Strike
2-2: Ball
3-2: Foul Ball, location: 2F
3-2: Base on Balls
Batting: RHB Alfonso Nazario 0-0: Ball
1-0: Called Strike
1-1: Foul Ball, location: 2F
1-2: 3-RUN HOME RUN (Flyball, 7D), Distance : 383 ft
Batting: RHB Armando Rodríguez 0-0: SINGLE (Flyball, 78S)
Batting: LHB César Nieves 0-0: Called Strike
Armando Rodríguez is caught stealing 2nd base
Top of the 1st over - 3 run(s), 3 hit(s), 0 error(s), 0 left on base; Yakima 3 - Salem 0
BOTTOM OF THE 1ST
Salem Misfits batting - Pitching for Yakima Hops : RHP Jack Thornton
Pitching: RHP Jack Thornton
Batting: RHB Ralph Cranford 0-0: Swinging Strike
0-1: Ball
1-1: Ball
2-1: Swinging Strike
2-2: Fly out, F7 (Flyball, 7LS)
Batting: RHB Jorge Gómez 0-0: Called Strike
0-1: Called Strike
0-2: Foul Ball, location: 2F
0-2: Ball
1-2: DOUBLE (Line Drive, 3D)
Batting: LHB Austin Hathaway 0-0: Ball
1-0: Ball
2-0: Ball
3-0: Called Strike
3-1: Ground out 4-3 (Groundball, 4)
Jorge Gómez to third
Batting: LHB Brent van Schoonhoven 0-0: Swinging Strike
0-1: Ball
1-1: Called Strike
1-2: Foul Ball, location: 2F
1-2: Ball
2-2: Ground out 4-3 (Groundball, 34)
Bottom of the 1st over - 0 run(s), 1 hit(s), 0 error(s), 1 left on base; Yakima 3 - Salem 0
TOP OF THE 2ND
Yakima Hops batting - Pitching for Salem Misfits : RHP Carlos Costello
Batting: LHB César Nieves 0-0: Ground out U3 (Groundball, 34)
Batting: RHB Jud Regan 0-0: Ball
1-0: Ball
2-0: Called Strike
2-1: Foul Ball, location: 2F
2-2: Strikes out swinging
Batting: RHB Mario Salazar 0-0: Ball
1-0: Ball
2-0: Ball
3-0: Base on Balls
Batting: SHB Domingo Luna 0-0: Called Strike
0-1: Called Strike
0-2: Ball
Throwing error on steal attempt, E2
Mario Salazar to third
1-2: Ball
2-2: Foul Ball, location: 2F
2-2: SINGLE (Line Drive, 8LS)
Mario Salazar scores
Batting: LHB Bob Maher 0-0: Fly out, F9 (Flyball, 9)
Top of the 2nd over - 1 run(s), 1 hit(s), 1 error(s), 1 left on base; Yakima 4 - Salem 0
BOTTOM OF THE 2ND
Salem Misfits batting - Pitching for Yakima Hops : RHP Jack Thornton
Batting: LHB Estefan Carrasco 0-0: SINGLE (Groundball, 6MS) (infield hit)
Batting: RHB Ryan Fiore 0-0: Swinging Strike
0-1: Called Strike
0-2: Foul Ball, location: 2F
0-2: Ball
1-2: Strikes out swinging
Batting: LHB Jorge García 0-0: Ball
1-0: Foul Ball, location: 2F
1-1: Foul Ball, location: 2F
1-2: Fly out, F8 (Line Drive, 8LM)
Batting: RHB Jorge Ramos 0-0: Called Strike
0-1: Ball
1-1: Ball
2-1: Foul Ball, location: 2F
2-2: Ball
Estefan Carrasco steals 2nd base
3-2: Foul Ball, location: 2F
3-2: Foul Ball, location: 2F
3-2: Ground out 6-3 (Groundball, 6)
Bottom of the 2nd over - 0 run(s), 1 hit(s), 0 error(s), 1 left on base; Yakima 4 - Salem 0
TOP OF THE 3RD
Yakima Hops batting - Pitching for Salem Misfits : RHP Carlos Costello
Batting: LHB Armando Carmona 0-0: Fly out, F7 (Flyball, 7LSF)
Batting: LHB Lloyd Kent 0-0: Called Strike
0-1: Ground out 5-3 (Groundball, 56S)
Batting: RHB Alfonso Nazario 0-0: Called Strike
0-1: Ground out 6-3 (Groundball, 6)
Top of the 3rd over - 0 run(s), 0 hit(s), 0 error(s), 0 left on base; Yakima 4 - Salem 0
BOTTOM OF THE 3RD
Salem Misfits batting - Pitching for Yakima Hops : RHP Jack Thornton
Batting: RHB Paul O'Neill 0-0: Ball
1-0: SINGLE (Flyball, 8RS)
Batting: RHB Ralph Cranford 0-0: Called Strike
0-1: 2-RUN HOME RUN (Flyball, 7D), Distance : 377 ft
Batting: RHB Jorge Gómez 0-0: Called Strike
0-1: SINGLE (Line Drive, 78S)
Batting: LHB Austin Hathaway 0-0: Ball
1-0: Swinging Strike
1-1: Foul Ball, location: 2F
1-2: Ball
2-2: Strikes out swinging
Batting: LHB Brent van Schoonhoven 0-0: Called Strike
0-1: Foul Ball, location: 2F
0-2: Foul Ball, location: 2F
0-2: SINGLE (Groundball, 34S) (infield hit)
Jorge Gómez to second
Batting: LHB Estefan Carrasco 0-0: Ball
1-0: Ball
2-0: Ball
3-0: Foul Ball, location: 2F
3-1: Foul Ball, location: 2F
3-2: 3-RUN HOME RUN (Flyball, 89XD), Distance : 413 ft
Batting: RHB Ryan Fiore 0-0: Ball
1-0: Ground out 6-3 (Groundball, 6M)
Batting: LHB Jorge García 0-0: Called Strike
0-1: Foul Ball, location: 2F
0-2: Ball
1-2: Ball
2-2: Foul Ball, location: 2F
2-2: Ground out 6-3 (Groundball, 6)
Bottom of the 3rd over - 5 run(s), 5 hit(s), 0 error(s), 0 left on base; Yakima 4 - Salem 5
TOP OF THE 4TH
Yakima Hops batting - Pitching for Salem Misfits : RHP Carlos Costello
Batting: RHB Armando Rodríguez 0-0: Ball
1-0: Ball
2-0: Called Strike
2-1: SINGLE (Groundball, 56D)
Batting: LHB César Nieves 0-0: Swinging Strike
0-1: Ball
1-1: Swinging Strike
1-2: Grounds into double play, 4-6-3 (Groundball, 34)
Batting: RHB Jud Regan 0-0: Ball
1-0: Fly out, F8 (Flyball, 78XD)
Top of the 4th over - 0 run(s), 1 hit(s), 0 error(s), 0 left on base; Yakima 4 - Salem 5
BOTTOM OF THE 4TH
Salem Misfits batting - Pitching for Yakima Hops : RHP Jack Thornton
Batting: RHB Jorge Ramos 0-0: Ball
1-0: Ground out 4-3 (Groundball, 4)
Batting: RHB Paul O'Neill 0-0: Called Strike
0-1: Ground out 5-3 (Groundball, 56S)
Batting: RHB Ralph Cranford 0-0: Fly out, F8 (Flyball, 78D)
Bottom of the 4th over - 0 run(s), 0 hit(s), 0 error(s), 0 left on base; Yakima 4 - Salem 5
TOP OF THE 5TH
Yakima Hops batting - Pitching for Salem Misfits : RHP Carlos Costello
Batting: RHB Mario Salazar 0-0: Ball
1-0: Called Strike
1-1: Foul Ball, location: 2F
1-2: Ball
2-2: Foul Ball, location: 2F
2-2: Ground out 1-3 (Groundball, 13)
Batting: SHB Domingo Luna 0-0: Ball
1-0: Ball
2-0: Ball
3-0: Base on Balls
Batting: LHB Bob Maher 0-0: SINGLE (Groundball, 34D)
Domingo Luna to second
Runner from 2nd tries for 3rd, OUT!
Bob Maher to second
Batting: LHB Armando Carmona 0-0: Called Strike
0-1: Called Strike
0-2: Ball
1-2: Ball
2-2: Ground out U3 (Groundball, 3L)
Top of the 5th over - 0 run(s), 1 hit(s), 0 error(s), 1 left on base; Yakima 4 - Salem 5
BOTTOM OF THE 5TH
Salem Misfits batting - Pitching for Yakima Hops : RHP Jack Thornton
Batting: RHB Jorge Gómez 0-0: Called Strike
0-1: Ball
1-1: Foul Ball, location: 2F
1-2: Ground out 5-3 (Groundball, 56)
Pitching: LHP Billy Mays
Batting: LHB Austin Hathaway 0-0: Ground out U3 (Groundball, 34)
Batting: LHB Brent van Schoonhoven 0-0: Ball
1-0: Foul Ball, location: 2F
1-1: Swinging Strike
1-2: Strikes out swinging
Bottom of the 5th over - 0 run(s), 0 hit(s), 0 error(s), 0 left on base; Yakima 4 - Salem 5
TOP OF THE 6TH
Yakima Hops batting - Pitching for Salem Misfits : RHP Carlos Costello
Batting: LHB Lloyd Kent 0-0: SINGLE (Line Drive, 78S)
Batting: RHB Alfonso Nazario 0-0: Swinging Strike
0-1: Ball
1-1: Called Strike
1-2: Fly out, F4 (Popup, 4D)
Batting: RHB Armando Rodríguez 0-0: Ball
1-0: Ball
2-0: Ground out 5-3 (Groundball, 56S)
Lloyd Kent to second
Batting: LHB César Nieves 0-0: Called Strike
0-1: Ball
1-1: Called Strike
1-2: DOUBLE (Line Drive, 7LM)
Lloyd Kent scores
Batting: RHB Jud Regan 0-0: Ball
1-0: Ground out 6-3 (Groundball, 56)
Top of the 6th over - 1 run(s), 2 hit(s), 0 error(s), 1 left on base; Yakima 5 - Salem 5
BOTTOM OF THE 6TH
Salem Misfits batting - Pitching for Yakima Hops : LHP Billy Mays
Batting: LHB Estefan Carrasco 0-0: Called Strike
0-1: Fly out, F8 (Flyball, 8LS)
Batting: RHB Ryan Fiore 0-0: Called Strike
0-1: Foul Ball, location: 2F
0-2: Ball
1-2: Fly out, F7 (Flyball, 7S)
Batting: LHB Jorge García 0-0: Called Strike
0-1: Foul Ball, location: 2F
0-2: Ball
1-2: Foul Ball, location: 2F
1-2: Ground out 3-1 (Groundball, 34S)
Bottom of the 6th over - 0 run(s), 0 hit(s), 0 error(s), 0 left on base; Yakima 5 - Salem 5
TOP OF THE 7TH
Yakima Hops batting - Pitching for Salem Misfits : RHP Carlos Costello
Pinch Hitting: RHB Jim Unknown 0-0: Ball
1-0: SINGLE (Groundball, 6MD)
Batting: SHB Domingo Luna 0-0: Bunted foul
0-1: Ball
1-1: Bunt missed!
1-2: Ground out 4-3 (Groundball, 4)
Jim Unknown to second
Pitching: RHP Kelly Henry
Batting: LHB Bob Maher 0-0: Ball
1-0: Ball
2-0: Foul Ball, location: 2F
2-1: Foul Ball, location: 2F
2-2: Fly out, F8 (Flyball, 8RM)
Batting: LHB Armando Carmona 0-0: Ball
1-0: Ground out 6-3 (Groundball, 6MD)
Top of the 7th over - 0 run(s), 1 hit(s), 0 error(s), 1 left on base; Yakima 5 - Salem 5
BOTTOM OF THE 7TH
Salem Misfits batting - Pitching for Yakima Hops : LHP Billy Mays
Now at 3B: Jim Unknown
Batting: RHB Jorge Ramos 0-0: Called Strike
0-1: Ball
1-1: Foul Ball, location: 2F
1-2: Fly out, F7 (Flyball, 7)
Batting: RHB Paul O'Neill 0-0: Ball
1-0: Foul Ball, location: 2F
1-1: Ball
2-1: Fly out, F8 (Flyball, 8RD)
Batting: RHB Ralph Cranford 0-0: Ball
1-0: Fly out, F8 (Flyball, 8RS)
Bottom of the 7th over - 0 run(s), 0 hit(s), 0 error(s), 0 left on base; Yakima 5 - Salem 5
TOP OF THE 8TH
Yakima Hops batting - Pitching for Salem Misfits : RHP Kelly Henry
Batting: LHB Lloyd Kent 0-0: Foul Ball, location: 2F
0-1: Ball
1-1: Ball
2-1: Called Strike
2-2: Ball
3-2: Foul Ball, location: 2F
3-2: SOLO HOME RUN (Flyball, 9D), Distance : 387 ft
Batting: RHB Alfonso Nazario 0-0: SINGLE (Flyball, 78S)
Batting: RHB Armando Rodríguez 0-0: Called Strike
0-1: Ball
1-1: Swinging Strike
1-2: Ball
2-2: Strikes out looking
Batting: LHB César Nieves 0-0: Ball
1-0: Ball
2-0: Foul Ball, location: 2F
2-1: Ball
3-1: Called Strike
3-2: Base on Balls
Alfonso Nazario to second
Pinch Hitting: LHB Jim Unknown 0-0: Ball
1-0: Fly out, F9 (Flyball, 9D)
Runner from 2nd tags up, SAFE at 3rd, no throw
Batting: RHB Jim Unknown 0-0: Ground out 5-3 (Groundball, 56S)
Top of the 8th over - 1 run(s), 2 hit(s), 0 error(s), 2 left on base; Yakima 6 - Salem 5
BOTTOM OF THE 8TH
Salem Misfits batting - Pitching for Yakima Hops : LHP Billy Mays
Pitching: RHP Rodrigo Sandoval
Now in LF: Jim Unknown
Batting: RHB Jorge Gómez 0-0: Foul Ball, location: 2F
0-1: Reached on error, E4 (Groundball, 4D)
Batting: LHB Austin Hathaway 0-0: 2-RUN HOME RUN (Flyball, 89XD), Distance : 414 ft
Batting: LHB Brent van Schoonhoven 0-0: Ball
1-0: Called Strike
1-1: Called Strike
1-2: SINGLE (Groundball, 56D)
Batting: LHB Estefan Carrasco 0-0: Called Strike
0-1: Called Strike
0-2: Ball
1-2: Ball
2-2: Foul Ball, location: 2F
2-2: Strikes out swinging
Batting: RHB Ryan Fiore 0-0: Foul Ball, location: 2F
0-1: Foul Ball, location: 2F
0-2: Strikes out swinging
Batting: LHB Jorge García Pickoff Throw to First - Out!
Bottom of the 8th over - 2 run(s), 2 hit(s), 1 error(s), 0 left on base; Yakima 6 - Salem 7
TOP OF THE 9TH
Yakima Hops batting - Pitching for Salem Misfits : RHP Kelly Henry
Pitching: RHP Marcos Oquendo
Now at C: Miguel Torres
Batting: SHB Domingo Luna 0-0: Ball
1-0: Ball
2-0: Ball
3-0: Called Strike
3-1: Foul Ball, location: 2F
3-2: Base on Balls
Batting: LHB Bob Maher 0-0: Grounds into double play, 4-6-3 (Groundball, 4)
Batting: LHB Armando Carmona 0-0: Swinging Strike
0-1: Ball
1-1: SOLO HOME RUN (Flyball, 9LD), Distance : 353 ft
Batting: LHB Lloyd Kent 0-0: Swinging Strike
0-1: Ball
1-1: SINGLE (Groundball, 34D)
Batting: RHB Alfonso Nazario 0-0: Ball
1-0: Called Strike
1-1: Ball
2-1: Ball
3-1: Called Strike
3-2: Strikes out swinging
Top of the 9th over - 1 run(s), 2 hit(s), 0 error(s), 1 left on base; Yakima 7 - Salem 7
BOTTOM OF THE 9TH
Salem Misfits batting - Pitching for Yakima Hops : RHP Rodrigo Sandoval
Pitching: RHP Reynaldo Maestas
Batting: LHB Jorge García 0-0: Ball
1-0: Foul Ball, location: 2F
1-1: Called Strike
1-2: Ground out 4-3 (Groundball, 4)
Pinch Hitting: LHB Rodrigo Gómez 0-0: Ball
1-0: Ball
2-0: Foul Ball, location: 2F
2-1: Swinging Strike
2-2: Ball
3-2: Base on Balls
Pinch Hitting: RHB Jim Unknown 0-0: Called Strike
0-1: Ball
1-1: Ball
2-1: Called Strike
2-2: Ball
3-2: Foul Ball, location: 2F
3-2: Foul Ball, location: 2F
3-2: SINGLE (Groundball, 6MD)
Rodrigo Gómez to second
Rodrigo Gómez to third
Batting: RHB Ralph Cranford 0-0: Ball
1-0: DOUBLE (Flyball, 7LD)
Rodrigo Gómez scores
Saturday, May 26th, 2018 - OOTP Baseball 17.12 Build 75